[Event "4th Paytakht Cup 2019"]
[Site "Tehran"]
[Date "2019.11.05"]
[Round "7.8"]
[White "Darini, Pouria"]
[Black "Zahedifar, Anahita"]
[Result "1-0"]
[ECO "B12"]
[WhiteElo "2427"]
[BlackElo "2082"]
[Annotator "RC"]
[PlyCount "47"]
[EventDate "2019.10.30"]
[EventType "swiss"]
[EventCountry "IRI"]
[SourceTitle "playchess.com"]
[Source "ChessBase"]
[SourceQuality "1"]
[TimeControl "5400+30"]

1. e4 c6 2. d4 d5 3. e5 c5 4. dxc5 e6 5. a3 Bxc5 6. Qg4 Ne7 7. Nf3 Ng6 8. Bd3 Qc7 9. O-O Nc6 10. Re1 Nce7 11. b4 Bb6 12. Nbd2 Nf5 13. c4 Qd8 14. cxd5 h5 15. Qc4 exd5 16. Qc2 Nge7 17. e6 fxe6 18. Bxf5 exf5 19. Nb3 O-O 20. Bg5 Re8 21. Qe2 Qd7 22. Nc5 Bxc5 23. bxc5 Kf8 24. Ne5 1-0